 Dungeon Crawl Stone Soup version 0.24-a0-201-gf205589 (webtiles) character file.

Game seed: 11612126265172305812

8946 Azzok the Cleaver (level 11, -11/82 HPs)
             Began as a Ghoul Fighter on Mar 20, 2019.
             Was an Elder of Okawaru.
             Mangled by a red ugly thing (13 damage)
             ... on level 11 of the Dungeon.
             The game lasted 00:18:56 (10410 turns).

Azzok the Cleaver (Ghoul Fighter)                  Turns: 10410, Time: 00:18:57

Health: -11/82     AC: 17    Str: 24    XL:     11   Next: 38%
Magic:  14/16      EV:  8    Int:  3    God:    Okawaru [****..]
Gold:   345        SH: 11    Dex:  8    Spells: 10/10 levels left

rFire    . . .     SeeInvis .   m - +0 hand axe (elec)
rCold    + . .     Gourm    .   c - +0 shield
rNeg     + + +     Faith    .   t - +4 chain mail
rPois    ∞         Spirit   .   l - +0 helmet
rElec    .         Reflect  .   (no cloak)
rCorr    .         Harm     .   i - +0 pair of gloves (curse)
MR       .....                  (no boots)
Stlth    ..........             (no amulet)
HPRegen  0.00/turn              o - ring of attention (curse)
MPRegen  0.15/turn              (no ring)

@: heroism, rotting
A: rotting body, claws 1, carnivore, cold resistance 1, negative energy
resistance 3, inhibited regeneration, torment resistance, unbreathing
a: Heroism, Renounce Religion


You were on level 11 of the Dungeon.
You worshipped Okawaru.
Okawaru was greatly pleased with you.
You were not hungry.

You visited 2 branches of the dungeon, and saw 12 of its levels.

You collected 495 gold pieces.
You spent 150 gold pieces at shops.

Inventory:

Hand Weapons
 a - a +0 war axe
 m - a +0 hand axe of electrocution (weapon)
 w - a +1 whip of freezing
Armour
 c - a +0 shield (worn)
 i - a cursed +0 pair of gloves (worn)
 l - a +0 helmet (worn)
 t - a +4 chain mail (worn)
Jewellery
 o - a cursed ring of attention (left hand)
Wands
 x - a wand of iceblast (15)
 y - a wand of flame (19)
 D - a wand of random effects (7)
 F - a wand of disintegration (12)
Scrolls
 d - 4 scrolls of magic mapping {unknown}
 g - 3 scrolls of noise {unknown}
 h - a scroll of immolation {unknown}
 j - 2 scrolls of fog {unknown}
 k - 8 scrolls of teleportation
 p - 2 scrolls of fear
 q - 3 scrolls of enchant weapon {unknown}
 r - 3 scrolls of remove curse {unknown}
 v - 2 scrolls of amnesia {unknown}
 C - a scroll of vulnerability {unknown}
Potions
 b - 2 potions of lignification
 e - 4 potions of curing
 n - 2 potions of flight
 s - a potion of cancellation
 u - a potion of magic
 z - 2 potions of mutation {unknown}
 A - a potion of invisibility
Comestibles
 f - 20 rations


   Skills:
 - Level 3.2(8.2) Fighting
 + Level 13.6(18.6) Axes
 - Level 2.6(7.6) Armour
 - Level 2.6(7.6) Shields
 + Level 9.1 Invocations


You had 10 spell levels left.
You didn't know any spells.
Your spell library contained the following spells:

 Spells                   Type           Power        Failure   Level  Hunger
 Confusing Touch          Hex            #.....       100%        1    ##.....
 Confuse                  Hex            #.......     100%        3    ####...
 Gell's Gravitas          Tloc           #.........   100%        3    ####...
 Petrify                  Tmut/Erth      #.......     100%        4    #####..
 Metabolic Englaciation   Hex/Ice        #.........   100%        5    ######.
 Yara's Violent Unravell  Hex/Tmut       #.........   100%        5    ######.


Dungeon Overview and Level Annotations

Branches:
Dungeon (11/15)            Temple (1/1) D:6            Lair (0/6) D:8
    Orc: D:9-12

Altars:
Ashenzari
Cheibriados
Dithmenos
Elyvilon
Fedhas
Hepliaklqana
Makhleb
Nemelex Xobeh
Okawaru
Qazlal
Ru
Sif Muna
Trog
Uskayaw
Vehumet
Wu Jian
Xom
Yredelemnul
Zin
The Shining One

Shops:
D:7 }   D:8 (

Annotations:
D:9 exclusion: statue
D:11 2 transporters


Innate Abilities, Weirdness & Mutations

Your body is rotting away.
You thrive on raw meat.
You are immune to poison.
You have sharp fingernails.
You are carnivorous and can eat meat at any time.
Your flesh is cold resistant. (rC+)
You are immune to negative energy. (rN+++)
You do not regenerate when monsters are visible.
You are immune to unholy pain and torment.
You can survive without breathing.


Message History

The red ugly thing is severely wounded.
You block the red ugly thing's attack.
You closely miss the red ugly thing.
The red ugly thing is severely wounded.
The red ugly thing tentacle-slaps you!
You are engulfed in flames!!
* * * LOW HITPOINT WARNING * * *
Your shield and chain mail prevent you from hitting the red ugly thing.
The red ugly thing is severely wounded.
The red ugly thing barely misses you.
You slash the red ugly thing!
The red ugly thing is severely wounded.
You block the red ugly thing's attack.
You feel much better. The red ugly thing tentacle-slaps you!
You are engulfed in flames!
* * * LOW HITPOINT WARNING * * *
You gain the combat prowess of a mighty hero.
The red ugly thing tentacle-slaps you!
* * * LOW HITPOINT WARNING * * *
You are engulfed in flames!
You die...

▒·▒▒·▒▒▒▒
▒·▒·▒·▒
···▒·▒
▒·▒·▒·▒
▒▒·▒·▒
▒·▒·▒·▒
·▒╬▒'▒▒▒▒▒▒
▒·▒·▒·▒
<·········▒
▒·▒·▒·▒▒
··········▒
▒·▒····▒
······)···▒
▒·▒▒▒▒▒▒
·▒··>·))·▒▒
▒·▒ ▒▒
·▒·▒▒▒▒▒·▒
▒@▒ · ▒· ▒)▒
▒u▒·▒
▒·▒▒▒▒▒·▒
▒▒▒▒▒·▒·▒·▒▒
▒·▒·····▒
▒··········▒
▒·▒▒▒▒▒
▒·▒▒▒·▒▒▒·▒▒
▒·▒ ▒·▒ ▒·▒
▒·▒ ▒·▒ ▒·▒
▒▒▒▒·▒ ▒·▒


You could see a red ugly thing.

Vanquished Creatures
  A two-headed ogre (D:9)
  An unseen horror (D:11)
  Pikel (D:7)
  A cyclops (D:6)
  A troll (D:8)
  Grinder (D:3)
  A hippogriff (D:11)
  Sigmund (D:4)
  A yak (D:7)
  3 hogs (D:7)
  A human (D:7)
  2 orc warriors
  A sky beast (D:8)
  An eye of draining (D:11)
  2 ice beasts (D:11)
  3 ogres
  A necrophage (D:11)
  5 centaurs
  A wolf (D:7)
  3 bullfrogs
  3 big kobolds
  3 scorpions
  10 killer bees
  5 wights (D:11)
  3 electric eels (D:8)
  3 howler monkeys (D:11)
  7 crimson imps
  A quasit (D:11)
  2 bullfrog zombies
  2 jellies
  18 hounds
  5 orc priests
  4 bullfrog skeletons
  3 centaur skeletons
  A centaur zombie (D:11)
  Terence (D:2)
  An iguana (D:8)
  19 orc wizards
  13 worker ants
  2 hound skeletons
  2 worker ant zombies
  4 gnolls (D:8)
  10 adders
  4 shadow imps
  2 oozes (D:1)
  An adder zombie (D:10)
  4 adder skeletons
  A worm (D:2)
  A dart slug (D:1)
  11 leopard geckos
  44 orcs
  7 giant cockroaches
  19 goblins
  5 hobgoblins
  8 jackals
  4 quokkas
  8 bats
  5 frilled lizards
  19 kobolds
  A leopard gecko zombie (D:5)
  A quokka skeleton (D:7)
  A quokka zombie (D:7)
  5 rats
305 creatures vanquished.

Vanquished Creatures (others)
  A kobold (D:8)
1 creature vanquished.

Grand Total: 306 creatures vanquished

Notes
Turn   | Place    | Note
-------+----------+-------------------------------------------
     0 | D:1      | Azzok the Ghoul Fighter began the quest for the Orb.
     0 | D:1      | Reached XP level 1. HP: 19/19 MP: 0/0
    41 | D:1      | Reached skill level 2 in Axes
   161 | D:1      | Reached XP level 2. HP: 26/26 MP: 1/1
   389 | D:1      | Reached skill level 3 in Axes
   389 | D:1      | Reached XP level 3. HP: 26/31 MP: 2/2
  1279 | D:2      | Noticed Terence
  1285 | D:2      | Killed Terence
  1285 | D:2      | Reached skill level 4 in Axes
  1285 | D:2      | Reached XP level 4. HP: 27/38 MP: 3/3
  2144 | D:3      | Found a hazy altar of Hepliaklqana.
  2145 | D:3      | Found a glowing silver altar of Zin.
  2145 | D:3      | Found a stormy altar of Qazlal.
  2146 | D:3      | Found a shattered altar of Ashenzari.
  2211 | D:3      | Noticed Grinder
  2230 | D:3      | Reached XP level 5. HP: 35/45 MP: 4/4
  2234 | D:3      | Killed Grinder
  2234 | D:3      | Reached skill level 6 in Axes
  2234 | D:3      | Reached XP level 6. HP: 39/51 MP: 5/5
  2658 | D:3      | Found a faded altar of an unknown god.
  2805 | D:4      | Reached XP level 7. HP: 38/57 MP: 6/6
  2868 | D:4      | Reached skill level 7 in Axes
  3460 | D:4      | Noticed Sigmund
  3543 | D:4      | Killed Sigmund
  3543 | D:4      | Reached skill level 8 in Axes
  3543 | D:4      | Reached XP level 8. HP: 52/63 MP: 7/7
  3948 | D:5      | Entered Level 5 of the Dungeon
  4275 | D:5      | Reached skill level 9 in Axes
  4602 | D:5      | Found a white marble altar of Elyvilon.
  4682 | D:5      | Reached skill level 10 in Axes
  5045 | D:6      | Noticed a cyclops
  5056 | D:6      | Killed a cyclops
  5056 | D:6      | Reached XP level 9. HP: 19/70 MP: 8/8
  5159 | D:6      | Reached skill level 11 in Axes
  5308 | D:6      | You fall through a shaft!
  5308 | D:7      | Found a shadowy altar of Dithmenos.
  5399 | D:6      | Found a sacrificial altar of Ru.
  5597 | D:6      | Found a staircase to the Ecumenical Temple.
  5604 | Temple   | Entered the Ecumenical Temple
  5663 | Temple   | Became a worshipper of Warmaster Okawaru
  5994 | D:7      | Found Nadichin's Gadget Emporium.
  6008 | D:6      | Reached skill level 1 in Invocations
  6122 | D:7      | Reached skill level 12 in Axes
  6448 | D:7      | Reached XP level 10. HP: 53/77 MP: 11/11
  6723 | D:7      | Reached * piety under Okawaru
  6875 | D:7      | Found a burning altar of Makhleb.
  6888 | D:7      | Noticed Pikel
  6928 | D:7      | Killed Pikel
  6928 | D:7      | Reached skill level 5 in Invocations
  7392 | D:8      | Found Wakhes's Antique Weapon Boutique.
  7467 | D:8      | Reached ** piety under Okawaru
  7724 | D:7      | Bought a wand of flame (23) for 150 gold pieces
  7743 | D:8      | Found a staircase to the Lair.
  8177 | D:8      | Found a bloodstained altar of Trog.
  8305 | D:8      | Found a snail-covered altar of Cheibriados.
  8305 | D:8      | Found an ornate altar of the Wu Jian Council.
  8397 | D:9      | Found a radiant altar of Vehumet.
  8525 | D:9      | Found a sparkling altar of Nemelex Xobeh.
  8841 | D:9      | Noticed a +0 hand axe
  8844 | D:9      | Found a hide-covered altar of Uskayaw.
  8844 | D:9      | Noticed a +0 dagger
  8885 | D:9      | Noticed a two-headed ogre
  8903 | D:9      | Killed a two-headed ogre
  8903 | D:9      | Reached skill level 13 in Axes
  9423 | D:10     | Entered Level 10 of the Dungeon
  9493 | D:10     | Reached XP level 11. HP: 80/80 MP: 15/15
  9499 | D:10     | You fall through a shaft!
  9555 | D:11     | Reached *** piety under Okawaru
  9610 | D:11     | Found a transporter.
  9611 | D:11     | Found a transporter.
  9616 | D:11     | Noticed a two-headed ogre
  9618 | D:11     | Noticed a two-headed ogre
  9619 | D:11     | Noticed an orc high priest
 10069 | D:11     | Reached **** piety under Okawaru
 10358 | D:11     | Killed an unseen horror
 10383 | D:11     | Noticed a red ugly thing
 10410 | D:11     | HP: 2/82 [red ugly thing (11)]
 10410 | D:11     | Mangled by a red ugly thing

Levels and vault maps discovered:
D:1:      lordsloth_arrival_two_stooges, layout_basic, minmay_pentomino_z2
D:2:      layout_basic, minmay_misc_feat_pillars, nrook_mini_backslash,
          uniq_terence
D:3:      layout_rooms, chequers_temple_overflow_statue_of_worship,
          first_ration, chequers_ecumenical_altar_simple_redux,
          kennysheep_generic_room_12, uniq_grinder
D:4:      layout_loops_ring, uniq_sigmund
D:5:      corexii_shack_village, layout_basic, elyvilon_altar_3
D:6:      layout_gridville, nicolae_ru_great_annihilating_truth,
          minmay_temple_entry_waves, serial_glass, glass_columns_a,
          glass_columns_a
D:7:      layout_cave_pods, lemuel_crystal_altar,
          nicolae_dithmenos_the_darkroom, serial_shops,
          nicolae_shop_statue_plus, grunt_livestock, uniq_pikel
D:8:      layout_gridville, lightli_temple_of_fire,
          gammafunk_temple_overflow_wave, erik_lair_island, serial_shops,
          nicolae_shop_behind_doors, dk_noncrumbling_3,
          hangedman_abyss_or_decor_stagger
D:9:      layout_irregular_city, vehumet_statue, dancing_weapons_uskayaw,
          basic_altar, serial_column_ruins, column_ruins_square_large,
          column_ruins_corridor_straight, column_ruins_grid_1,
          column_ruins_open_small, column_ruins_open_small_water,
          column_ruins_columns_dead_end, column_ruins_columns_dead_end
D:10:     layout_cross, david_orc_3, chequers_serial_rivers_small_3,
          nrook_guardian_serpent_double
D:11:     gammafunk_beogh_shrine, layout_basic
Temple:   compressed_dpeg_triangle_lava_temple

Skill      XL: |  1  2  3  4  5  6  7  8  9 10 11 |
---------------+----------------------------------+-----
Axes           | 2 3 4 6 8 10 12 13 | 13.6
Invocations    | 3 7 9 |  9.1
Fighting       | |  3.2
Armour         | |  2.6
Shields        | |  2.6

Action                   |  1- 3 |  4- 6 |  7- 9 | 10-12 || total
-------------------------+-------+-------+-------+-------++-------
Melee: War axe           |   133 |   143 |   317 |       ||   593
       Hand axe          |       |    14 |   121 |   516 ||   651
       Dagger            |       |       |    34 |       ||    34
Invok: Heroism           |       |       |       |     4 ||     4
Evoke: Wand              |       |       |       |     4 ||     4
  Use: Potion            |     1 |       |       |     2 ||     3
       Scroll            |       |       |     7 |     3 ||    10
 Stab: Paralysed         |       |       |     1 |       ||     1
  Eat: Chunk             |     7 |    13 |    49 |    41 ||   110
Armor: Scale mail        |    75 |    67 |    35 |       ||   177
       Plate armour      |       |       |    88 |       ||    88
       Chain mail        |       |       |   180 |   225 ||   405
Dodge: Dodged            |    38 |    46 |   117 |    86 ||   287
Block: Shield            |    86 |    78 |   224 |   168 ||   556

Table legend:
 A = Non-vault XP
 B = Vault XP
 C = Vault XP percentage of total XP
 D = Non-vault monster count
 E = Vault monster count
 F = Vault count percentage of total count
                 A         B        C        D         E       F
            +---------+---------+-------+---------+---------+-------
      Total |    9930 |    2850 |  22.3 |     276 |      29 |   9.5
            +---------+---------+-------+---------+---------+-------
        D:1 |      38 |       8 |  17.4 |      19 |       2 |   9.5
        D:2 |      64 |      36 |  36.0 |      29 |       1 |   3.3
        D:3 |     152 |     263 |  63.4 |      28 |       2 |   6.7
        D:4 |     536 |     227 |  29.8 |      19 |       1 |   5.0
        D:5 |    1125 |      10 |   0.9 |      37 |       5 |  11.9
        D:6 |    1461 |      41 |   2.7 |      30 |       4 |  11.8
        D:7 |     745 |    1697 |  69.5 |      18 |       7 |  28.0
        D:8 |     898 |     568 |  38.7 |      25 |       7 |  21.9
        D:9 |    1210 |       0 |   0.0 |      19 |       0 |   0.0
       D:10 |     228 |       0 |   0.0 |       6 |       0 |   0.0
       D:11 |    3473 |       0 |   0.0 |      46 |       0 |   0.0
            +---------+---------+-------+---------+---------+-------
